 Dungeon Crawl Stone Soup version 0.30-a0-371-gad7725a93e (webtiles) character file.

Game seed: 13831982330678349063

832 retardedninja the Shield-Bearer (level 7, -2/63 HPs)
             Began as a Minotaur Fighter on Nov 21, 2022.
             Slain by a lemure (8 damage)
             ... led by Pikel
             ... on level 4 of the Dungeon.
             The game lasted 00:03:54 (3233 turns).

retardedninja the Shield-Bearer (Minotaur Fighter)  Turns: 3233, Time: 00:03:54

Health: -2/63      AC:  3    Str: 22    XL:     7   Next: 65%
Magic:  6/6        EV:  9    Int:  5    God:
Gold:   196        SH:  5    Dex: 10    Spells: 6/6 levels left

rFire   . . .      SeeInvis .    a - +0 war axe
rCold   . . .      Faith    .    c - +0 buckler
rNeg    . . .      Spirit   .    b - +0 scale mail
rPois   .          Reflect  .    (helmet restricted)
rElec   .          Harm     .    (no cloak)
rCorr   .          Rampage  .    (no gloves)
Will    .....                    (no boots)
Stlth   ..........               (no amulet)
HPRegen 0.30/turn                (no ring)
MPRegen 0.10/turn                (no ring)

@: corroded
A: horns 2, retaliatory headbutt
a: no special abilities


You were on level 4 of the Dungeon.
You visited 1 branch of the dungeon, and saw 4 of its levels.

You collected 196 gold pieces.

Inventory:

Hand Weapons
 a - a +0 war axe (weapon)
Missiles
 l - 6 silver javelins (quivered)
 m - 6 silver boomerangs
Armour
 b - a +0 scale mail (worn)
 c - a +0 buckler (worn)
Jewellery
 j - a ring of willpower
 k - a ring of resist corrosion
Wands
 p - a wand of flame (16)
Scrolls
 f - 2 scrolls of amnesia {unknown}
 g - 2 scrolls of teleportation {unknown}
 h - a scroll of blinking {unknown}
 i - 5 scrolls of identify {unknown}
 n - a scroll of noise {unknown}
 t - a scroll of enchant armour {unknown}
 v - a scroll of magic mapping {unknown}
Potions
 d - a potion of flight {unknown}
 e - 3 potions of curing
 o - a potion of degeneration {unknown}
 q - 2 potions of resistance {unknown}
 r - 3 potions of heal wounds {unknown}
 s - a potion of invisibility {unknown}
 u - a potion of brilliance {unknown}


   Skills:
 + Level 6.2 Fighting
 + Level 5.7 Axes
 + Level 6.3 Armour
 + Level 6.3 Shields


You had 6 spell levels left.
You didn't know any spells.
Your spell library contained the following spells:

 Spells                   Type           Power      Damage    Failure   Level
 Sandblast                Erth           0%         2d4       86%         1
 Passwall                 Tmut/Erth      0%         N/A       94%         2
 Static Discharge         Conj/Air       0%         2-2/arc   94%         2
 Stone Arrow              Conj/Erth      0%         3d7       99%         3
 Vhi's Electric Charge    Tloc/Air       0%         N/A       99%         3
 Arcjolt                  Conj/Air       0%         1d10      100%        5
 Lightning Bolt           Conj/Air       0%         1d11      100%        5
 Maxwell's Capacitive Co  Air            0%         ∞         100%        8


Dungeon Overview and Level Annotations

Branches:
Dungeon (4/15)
 Temple: D:4-7

Altars:
Elyvilon
Kikubaaqudgha

Shops:
D:4 [(*=

Annotations:
D:4 Pikel


Innate Abilities, Weirdness & Mutations

You have a pair of horns on your head.
You reflexively headbutt those who attack you in melee.


Message History

The lemure moves out of view.
Pikel, Merchant of Souls comes into view.
He is wielding a +0 whip of freezing and carrying a wand of acid (4).
There are monsters nearby!
There are monsters nearby!
There are monsters nearby!
A lemure comes into view.
You block the lemure's attack.
You closely miss the lemure. The lemure hits you.
The lemure completely misses you.
You closely miss Pikel. You closely miss the lemure. You hit the lemure.
Pikel closely misses you. You furiously retaliate!
You headbutt Pikel! The lemure barely misses you. You furiously retaliate!
You headbutt the lemure! The lemure closely misses you.
You hit Pikel but do no damage.
Pikel is moderately wounded.
You completely miss the lemure. You hit the lemure but do no damage.
You completely miss the lemure. You block Pikel's attack. The lemure hits you.
The lemure hits you but does no damage. The lemure barely misses you.
You furiously retaliate!
You headbutt the lemure. The lemure hits you. The lemure barely misses you.
The lemure hits you.
Pikel zaps a wand.
The bolt of acid hits you! The acid corrodes you! The lemure hits you.
You slash Pikel!
Pikel is heavily wounded.
You hit the lemure but do no damage. You closely miss the lemure. x2
You completely miss the lemure.
Pikel zaps a wand.
The bolt of acid hits you! The lemure hits you. You block the lemure's attack.
The lemure completely misses you. The lemure barely misses you.
You furiously retaliate!
You headbutt the lemure. You hit Pikel but do no damage.
Pikel is heavily wounded.
You hit the lemure. You hit the lemure but do no damage.
You slash the lemure! x2
You block the lemure's attack.
Pikel hits you with a +0 whip of freezing!
* * * LOW HITPOINT WARNING * * *
Pikel freezes you.
* * * LOW HITPOINT WARNING * * *
The lemure hits you.
* * * LOW HITPOINT WARNING * * *
The lemure hits you!
You die...

...^##.....##.......##†
#...............#......
....#.###.#....#....#.
#...............#......
....##.....##.......##.
. #...........#.#.#....
...#.#.#...#.#.#...#.#.#
.......#5#.#...........#
..##.@5....##.....##.#
......5K5#.......... ...
###.#....#....#.###. ...
........#.....# #...## .
..##.... ..### #..# ....
..#.#. .. ... .#.#..#
.## .# ## #.


You could see Pikel and 4 lemures.

Vanquished Creatures
  Grinder (D:4)
  2 black bears (D:4)
  An ogre (D:3)
  A necrophage (D:4)
  A scorpion (D:4)
  2 howler monkeys (D:4)
  Natasha (thrice) (D:2)
  4 adders
  A worm (D:2)
  3 dart slugs
  10 ball pythons
  5 bats
  5 endoplasms
  2 giant cockroaches
  3 goblins
  6 hobgoblins
  3 jackals (D:2)
  A quokka (D:1)
  3 frilled lizards
  6 kobolds
  5 rats
68 creatures vanquished.

Vanquished Creatures (others)
  2 plants (D:4)
2 creatures vanquished.

Grand Total: 70 creatures vanquished

Notes
Turn   | Place    | Note
-------+----------+-------------------------------------------
     0 | D:1      | retardedninja the Minotaur Fighter began the quest for the
                  | Orb.
     0 | D:1      | Reached XP level 1. HP: 19/19 MP: 0/0
   176 | D:1      | Reached XP level 2. HP: 26/27 MP: 1/1
   590 | D:1      | Reached XP level 3. HP: 25/33 MP: 2/2
  1160 | D:2      | Noticed Natasha
  1168 | D:2      | Killed Natasha
  1169 | D:2      | Reached XP level 4. HP: 27/41 MP: 3/3
  1331 | D:2      | Found a faded altar of an unknown god.
  1526 | D:2      | Noticed Natasha
  1535 | D:2      | Killed Natasha
  1782 | D:2      | Noticed Natasha
  1789 | D:2      | Killed Natasha
  1790 | D:2      | Reached XP level 5. HP: 45/47 MP: 4/4
  2005 | D:3      | Noticed an ogre
  2011 | D:3      | Killed an ogre
  2012 | D:3      | Reached skill level 5 in Fighting
  2012 | D:3      | Reached skill level 5 in Armour
  2012 | D:3      | Reached skill level 5 in Shields
  2062 | D:3      | Identified the +8 dagger "Dragonslayer" {speed, rElec rC-
                  | SInv}
  2329 | D:3      | Found a white marble altar of Elyvilon.
  2421 | D:4      | Found Imepsyh's Armour Shoppe.
  2427 | D:4      | Reached XP level 6. HP: 52/56 MP: 5/5
  2460 | D:4      | Found Aczul's Weapon Shop.
  2709 | D:4      | Found Hitor's Jewellery Shop.
  2716 | D:4      | Reached skill level 5 in Axes
  2716 | D:4      | Reached XP level 7. HP: 51/62 MP: 6/6
  2786 | D:4      | Found an ancient bone altar of Kikubaaqudgha.
  2786 | D:4      | Noticed Grinder
  2797 | D:4      | Paralysed by Grinder for 4 turns
  2812 | D:4      | Killed Grinder
  3084 | D:4      | Found Zyumiagaong's General Store.
  3226 | D:4      | Noticed Pikel
  3233 | D:4      | Slain by a lemure

Illustrated notes

Levels and vault maps discovered:
D:1:      wander_arrival_estate, layout_loops_ring
D:2:      layout_basic, hellmonk_ecumenical_altar_leap_of_faith, minmay_cupped,
          uniq_natasha
D:3:      layout_rooms, overflow_temple_1_default
D:4:      nicolae_cairo_tiling_large_dashed, layout_basic,
          mainiacjoe_overflow_chevrons, serial_shops, nicolae_shop_stone,
          nicolae_stop_n_shop_1, nicolae_shop_hallway_stairs,
          nicolae_stop_n_shop_1, uniq_grinder, uniq_pikel

Skill      XL: |  1  2  3  4  5  6  7 |
---------------+----------------------+-----
Shields        | 4 5 6 |  6.3
Fighting       | 4 5 6 |  6.2
Armour         | 4 5 6 |  6.3
Axes           | 3 4 5 |  5.7

Action                   |  1- 3 |  4- 6 |  7- 9 || total
-------------------------+-------+-------+-------++-------
Melee: War axe           |    70 |    76 |    22 ||   168
       Headbutt          |    10 |    14 |     1 ||    25
Throw: Javelin           |     2 |     3 |       ||     5
  Use: Potion            |       |     1 |     1 ||     2
Armor: Scale mail        |    27 |    41 |     4 ||    72
Dodge: Dodged            |    26 |    44 |    15 ||    85
Block: Buckler           |    15 |    20 |     9 ||    44

Table legend: (Time is in decaauts)
 A = Elapsed time spent in this place.
 B = Non-inter-level travel time spent in this place.
 C = Inter-level travel time spent in this place.
 D = Time resting spent in this place.
 E = Time spent auto-exploring this place.
 F = Levels seen in this place.
 G = Mean time per level.
                   A        B        C        D        E       F      G
               +--------+--------+--------+--------+--------+-----+--------+
         Total |   3302 |   3153 |    149 |    203 |   2459 |   4 |  825.5 |
       Dungeon |   3302 |   3153 |    149 |    203 |   2459 |   4 |  825.5 |
               +--------+--------+--------+--------+--------+-----+--------+

Top non-repeatable levels by time:
     D:1: 1025 daAuts
     D:2: 1023 daAuts
     D:4: 828 daAuts
     D:3: 426 daAuts
